General information
- name: BNet
- type: Ladder team game (AT/RT)
- host: Battle.net
- saver: TheREALWinner
map: DragonFalls
- players: 8
- length: 36:13
- speed: Fast
- version: 1.26 W3XP
- replay type: Public
» download(228 KB)
Players
team 1 (loser)
NoPeaCe. (
yellow | 113 APM | 2459 actions | 21:40)
4 Death Knight
2 Death Coil
2 Unholy Aura
2 Lich
1 Frost Nova
1 Frost Armor
2 Pit Lord
1 Howl of Terror
1 Cleaving Attack
» actions
| Assign group hotkey | 13 | |
| Build / train | 81 | |
| Enter build submenu | 14 | |
| Enter hero's abilities submenu | 9 | |
| Right click | 1083 | |
| Select / deselect | 208 | |
| Select group hotkey | 985 | |
| Use ability | 66 | |
2459 total
» units
| Acolyte | 5 | |
| Ghoul | 4 | |
| Crypt Fiend | 12 | |
| Frost Wyrm | 5 | |
26 total
» upgrades
| Creature Attack | 2 | |
| Web | 1 | |
| Creature Carapace | 2 | |
| Freezing Breath | 1 | |
6 total
» buildings
| Graveyard | 2 | |
| Crypt | 1 | |
| Altar of Darkness | 1 | |
| Ziggurat | 6 | |
| Tomb of Relics | 1 | |
| Nerubian Tower | 4 | |
| Halls of the Dead | 3 | |
| Black Citadel | 2 | |
| Sacrificial Pit | 1 | |
| Boneyard | 2 | |
23 total
» build order
00:05 Graveyard
00:07 Crypt
00:40 Altar of Darkness
00:57 Ziggurat
01:22 Tomb of Relics
02:03 Ziggurat
02:34 Nerubian Tower
02:35 Nerubian Tower
02:35 Nerubian Tower
03:55 Halls of the Dead
03:55 Halls of the Dead
04:55 Ziggurat
06:24 Black Citadel
06:53 Graveyard
07:58 Sacrificial Pit
09:54 Boneyard
09:57 Boneyard
10:00 Ziggurat
10:37 Ziggurat
16:35 Ziggurat
» items
| Rod of Necromancy | 2 | |
| Sacrificial Skull | 4 | |
| Potion of Mana | 1 | |
| Scroll of Town Portal | 9 | |
| Potion of Healing | 1 | |
| Orb of Corruption | 3 | |
20 total
NinjaIRL (
teal | 46 APM | 1007 actions | 21:44)
4 Archmage
2 Summon Water Elemental
2 Brilliance Aura
3 Mountain King
2 Storm Bolt
1 Bash
3 Paladin
2 Holy Light
1 Divine Shield
» actions
| Assign group hotkey | 20 | |
| Basic commands | 28 | |
| Build / train | 87 | |
| Enter build submenu | 30 | |
| Enter hero's abilities submenu | 10 | |
| Remove unit from queue | 2 | |
| Right click | 405 | |
| Select / deselect | 286 | |
| Select group hotkey | 41 | |
| Use ability | 98 | |
1007 total
» units
| Peasant | 20 | |
| Footman | 9 | |
| Rifleman | 3 | |
| Gryphon Rider | 3 | |
| Mortar Team | 2 | |
| Priest | 4 | |
| Flying Machine | 4 | |
| Knight | 1 | |
| Dragonhawk Rider | 12 | |
| Sorceress | 1 | |
59 total
» upgrades
| Masonry | 1 | |
| Gunpowder | 2 | |
| Flak Cannons | 1 | |
| Storm Hammers | 1 | |
| Swords | 1 | |
6 total
» buildings
| Altar of Kings | 1 | |
| Barracks | 1 | |
| Farm | 13 | |
| Scout Tower | 1 | |
| Arcane Tower | 1 | |
| Keep | 1 | |
| Town Hall | 3 | |
| Lumber Mill | 1 | |
| Blacksmith | 1 | |
| Arcane Vault | 1 | |
| Castle | 4 | |
| Workshop | 1 | |
| Gryphon Aviary | 1 | |
| Arcane Sanctum | 1 | |
31 total
» build order
00:08 Altar of Kings
00:15 Barracks
00:21 Farm
01:00 Farm
01:40 Farm
01:47 Scout Tower
02:17 Arcane Tower
02:22 Farm
04:24 Keep
04:28 Town Hall
04:44 Lumber Mill
05:05 Farm
05:59 Farm
06:03 Blacksmith
06:43 Arcane Vault
06:45 Castle
06:45 Castle
06:45 Castle
08:13 Workshop
08:15 Gryphon Aviary
08:43 Arcane Sanctum
09:41 Farm
09:42 Farm
10:38 Farm
10:39 Farm
12:27 Farm
12:28 Farm
13:09 Farm
16:43 Town Hall
20:52 Town Hall
» items
TheREALWinner (
orange | 81 APM | 2932 actions | 36:13)
8 Death Knight
3 Death Coil
3 Unholy Aura
1 Animate Dead
1 Death Pact
» actions
| Assign group hotkey | 40 | |
| Basic commands | 51 | |
| Build / train | 127 | |
| ESC pressed | 4 | |
| Enter build submenu | 44 | |
| Enter hero's abilities submenu | 8 | |
| Give item / drop item | 3 | |
| Right click | 1262 | |
| Select / deselect | 377 | |
| Select group hotkey | 699 | |
| Use ability | 317 | |
2932 total
» units
| Acolyte | 12 | |
| Ghoul | 2 | |
| Crypt Fiend | 5 | |
| Goblin Shredder | 2 | |
| Obsidian Statue | 5 | |
| Abomination | 2 | |
| Gargoyle | 1 | |
| Frost Wyrm | 3 | |
32 total
» upgrades
| Creature Carapace | 3 | |
| Web | 1 | |
| Creature Attack | 3 | |
| Ghoul Frenzy | 1 | |
| Destroyer Form | 1 | |
| Stone Form | 1 | |
| Unholy Armor | 2 | |
| Disease Cloud | 1 | |
| Unholy Strength | 1 | |
| Burrow | 1 | |
15 total
» buildings
| Graveyard | 1 | |
| Crypt | 5 | |
| Altar of Darkness | 1 | |
| Ziggurat | 19 | |
| Tomb of Relics | 1 | |
| Necropolis | 3 | |
| Halls of the Dead | 7 | |
| Nerubian Tower | 12 | |
| Black Citadel | 3 | |
| Slaughterhouse | 4 | |
| Spirit Tower | 27 | |
| Sacrificial Pit | 1 | |
| Boneyard | 3 | |
87 total
» build order
00:07 Graveyard
00:11 Crypt
00:41 Altar of Darkness
00:58 Ziggurat
01:40 Ziggurat
02:24 Tomb of Relics
04:22 Necropolis
05:07 Halls of the Dead
05:07 Halls of the Dead
05:07 Halls of the Dead
06:37 Ziggurat
06:39 Nerubian Tower
06:40 Nerubian Tower
06:40 Nerubian Tower
07:00 Ziggurat
07:01 Ziggurat
07:04 Ziggurat
07:05 Ziggurat
07:11 Ziggurat
09:17 Black Citadel
09:17 Black Citadel
09:46 Slaughterhouse
10:29 Nerubian Tower
10:30 Nerubian Tower
10:47 Slaughterhouse
11:46 Spirit Tower
11:46 Spirit Tower
11:48 Spirit Tower
11:48 Spirit Tower
12:12 Spirit Tower
12:13 Spirit Tower
12:24 Spirit Tower
12:25 Spirit Tower
12:25 Spirit Tower
12:49 Ziggurat
13:35 Ziggurat
13:38 Spirit Tower
13:38 Spirit Tower
13:49 Spirit Tower
13:52 Ziggurat
14:27 Crypt
14:28 Crypt
14:36 Crypt
14:40 Crypt
14:58 Spirit Tower
14:58 Spirit Tower
14:59 Spirit Tower
14:59 Spirit Tower
15:00 Spirit Tower
15:01 Ziggurat
16:30 Spirit Tower
16:30 Spirit Tower
19:55 Slaughterhouse
20:00 Slaughterhouse
20:06 Sacrificial Pit
21:12 Necropolis
22:16 Boneyard
22:17 Boneyard
22:19 Boneyard
22:23 Ziggurat
24:22 Ziggurat
24:23 Ziggurat
24:24 Ziggurat
24:27 Ziggurat
24:28 Ziggurat
24:30 Ziggurat
25:25 Spirit Tower
25:25 Spirit Tower
25:26 Spirit Tower
25:28 Nerubian Tower
25:29 Nerubian Tower
25:29 Nerubian Tower
25:31 Nerubian Tower
33:13 Necropolis
35:12 Halls of the Dead
35:12 Halls of the Dead
» items
| Rod of Necromancy | 2 | |
| Scroll of Town Portal | 1 | |
| Potion of Lesser Invulnerability | 1 | |
| Staff of Teleportation | 1 | |
| Lesser Clarity Potion | 1 | |
| Periapt of Vitality | 1 | |
7 total

»
BirdBong (
pink | 41 APM | 885 actions | 21:42)
5 Demon Hunter
3 Evasion
2 Mana Burn
4 Priestess of the Moon
2 Scout
2 Trueshot Aura
» actions
| Assign group hotkey | 6 | |
| Basic commands | 108 | |
| Build / train | 89 | |
| Enter build submenu | 21 | |
| Enter hero's abilities submenu | 9 | |
| Give item / drop item | 2 | |
| Remove unit from queue | 1 | |
| Right click | 293 | |
| Select / deselect | 280 | |
| Select group hotkey | 31 | |
| Use ability | 45 | |
885 total
» units
| Wisp | 28 | |
| Archer | 14 | |
| Hippogryph | 17 | |
| Chimaera | 4 | |
63 total
» upgrades
| Improved Bows | 1 | |
| Hippogryph Taming | 1 | |
| Strength of the Moon | 1 | |
| Marksmanship | 1 | |
| Strength of the Wild | 2 | |
| Reinforced Hides | 1 | |
| Corrosive Breath | 1 | |
| Nature's Blessing | 1 | |
9 total
» buildings
| Moon Well | 8 | |
| Altar of Elders | 1 | |
| Ancient of Wonders | 2 | |
| Ancient of War | 1 | |
| Tree of Ages | 1 | |
| Hunter's Hall | 1 | |
| Tree of Life | 3 | |
| Ancient of Wind | 1 | |
| Tree of Eternity | 1 | |
| Ancient Protector | 2 | |
| Chimaera Roost | 2 | |
23 total
» build order
00:27 Moon Well
00:29 Moon Well
00:51 Altar of Elders
01:50 Ancient of Wonders
02:00 Ancient of War
02:29 Moon Well
03:14 Tree of Ages
04:36 Hunter's Hall
04:50 Tree of Life
05:17 Moon Well
05:27 Moon Well
05:29 Moon Well
06:21 Ancient of Wind
07:42 Tree of Eternity
07:55 Tree of Life
08:42 Ancient Protector
08:45 Ancient Protector
11:02 Ancient of Wonders
12:23 Chimaera Roost
12:26 Chimaera Roost
12:28 Moon Well
12:29 Moon Well
16:10 Tree of Life
» items
| Orb of Venom | 1 | |
| Orb of Corruption | 1 | |
| Scroll of Town Portal | 1 | |
3 total
team 2 (winner)

»
BoardsOfCanada (
blue | 52 APM | 1872 actions | 35:50)
3 Keeper of the Grove
1 Entangling Roots
2 Thorns Aura
3 Priestess of the Moon
2 Trueshot Aura
1 Scout
1 Demon Hunter
1 Mana Burn
» actions
| Assign group hotkey | 380 | |
| Basic commands | 4 | |
| Build / train | 81 | |
| ESC pressed | 9 | |
| Enter build submenu | 21 | |
| Enter hero's abilities submenu | 7 | |
| Right click | 385 | |
| Select / deselect | 359 | |
| Select group hotkey | 532 | |
| Use ability | 94 | |
1872 total
» units
| Wisp | 23 | |
| Archer | 4 | |
| Hippogryph | 11 | |
| Dryad | 11 | |
| Druid of the Talon | 4 | |
53 total
» upgrades
| Strength of the Wild | 3 | |
| Abolish Magic | 1 | |
| Reinforced Hides | 3 | |
7 total
» buildings
| Altar of Elders | 1 | |
| Moon Well | 5 | |
| Ancient of War | 1 | |
| Tree of Ages | 1 | |
| Hunter's Hall | 1 | |
| Ancient of Wonders | 1 | |
| Tree of Eternity | 1 | |
| Ancient of Wind | 1 | |
| Ancient of Lore | 2 | |
| Tree of Life | 3 | |
| Ancient Protector | 5 | |
22 total
» build order
00:09 Altar of Elders
00:10 Moon Well
00:47 Ancient of War
01:23 Moon Well
02:20 Moon Well
03:26 Tree of Ages
03:52 Hunter's Hall
04:22 Moon Well
04:29 Ancient of Wonders
05:58 Tree of Eternity
06:02 Ancient of Wind
08:31 Ancient of Lore
08:32 Ancient of Lore
10:02 Moon Well
14:37 Tree of Life
14:39 Ancient Protector
17:07 Tree of Life
17:14 Ancient Protector
17:15 Ancient Protector
17:17 Ancient Protector
17:18 Ancient Protector
25:39 Tree of Life
» items
| Circlet of Nobility | 1 | |
| Scroll of Town Portal | 5 | |
| Anti-magic Potion | 1 | |
7 total

»
subban (
purple | 29 APM | 1036 actions | 35:57)
7 Demon Hunter
3 Evasion
3 Mana Burn
1 Metamorphosis
4 Priestess of the Moon
2 Trueshot Aura
2 Searing Arrows
» actions
| Basic commands | 30 | |
| Build / train | 104 | |
| Enter build submenu | 29 | |
| Enter hero's abilities submenu | 10 | |
| Give item / drop item | 2 | |
| Remove unit from queue | 4 | |
| Right click | 409 | |
| Select / deselect | 375 | |
| Use ability | 72 | |
1036 total
» units
| Wisp | 30 | |
| Archer | 5 | |
| Chimaera | 10 | |
| Hippogryph | 17 | |
62 total
» upgrades
| Reinforced Hides | 3 | |
| Strength of the Wild | 3 | |
| Corrosive Breath | 1 | |
| Well Spring | 1 | |
| Ultravision | 1 | |
| Moon Armor | 1 | |
| Strength of the Moon | 1 | |
11 total
» buildings
| Altar of Elders | 1 | |
| Moon Well | 8 | |
| Ancient of War | 1 | |
| Ancient of Wonders | 1 | |
| Tree of Ages | 2 | |
| Hunter's Hall | 1 | |
| Tree of Life | 3 | |
| Ancient Protector | 6 | |
| Tree of Eternity | 3 | |
| Ancient of Wind | 4 | |
| Chimaera Roost | 3 | |
33 total
» build order
00:23 Altar of Elders
00:36 Moon Well
01:16 Ancient of War
01:37 Moon Well
02:03 Ancient of Wonders
02:36 Moon Well
03:20 Tree of Ages
03:20 Tree of Ages
04:16 Hunter's Hall
05:11 Tree of Life
05:27 Ancient Protector
05:30 Ancient Protector
05:34 Ancient Protector
06:32 Tree of Eternity
06:32 Tree of Eternity
07:04 Ancient of Wind
07:08 Ancient of Wind
07:31 Ancient of Wind
08:43 Ancient Protector
08:47 Ancient Protector
09:04 Chimaera Roost
09:08 Chimaera Roost
09:11 Chimaera Roost
09:15 Moon Well
09:37 Ancient Protector
10:43 Moon Well
12:35 Moon Well
13:43 Moon Well
16:02 Moon Well
16:14 Ancient of Wind
23:47 Tree of Life
24:59 Tree of Life
» items
| Orb of Venom | 1 | |
| Potion of Healing | 1 | |
| Scroll of Town Portal | 2 | |
| Potion of Lesser Invulnerability | 1 | |
5 total
HeartIsFull (
red | 46 APM | 1666 actions | 36:13)
8 Archmage
3 Summon Water Elemental
3 Brilliance Aura
1 Mass Teleport
1 Blizzard
» actions
| Assign group hotkey | 30 | |
| Basic commands | 157 | |
| Build / train | 91 | |
| Enter build submenu | 49 | |
| Enter hero's abilities submenu | 8 | |
| Give item / drop item | 2 | |
| Remove unit from queue | 4 | |
| Right click | 676 | |
| Select / deselect | 380 | |
| Select group hotkey | 129 | |
| Use ability | 140 | |
1666 total
» units
| Peasant | 17 | |
| Footman | 4 | |
| Goblin Shredder | 1 | |
| Goblin Zeppelin | 1 | |
| Gryphon Rider | 4 | |
| Dragonhawk Rider | 4 | |
| Green Dragon | 1 | |
| Goblin Sapper | 5 | |
37 total
» upgrades
| Masonry | 3 | |
| Swords | 3 | |
| Armor | 3 | |
| Animal War Training | 1 | |
| Storm Hammers | 1 | |
| Cloud | 1 | |
12 total
» buildings
| Altar of Kings | 1 | |
| Barracks | 1 | |
| Farm | 15 | |
| Lumber Mill | 2 | |
| Arcane Vault | 1 | |
| Town Hall | 1 | |
| Keep | 1 | |
| Scout Tower | 20 | |
| Castle | 1 | |
| Gryphon Aviary | 6 | |
| Blacksmith | 2 | |
| Guard Tower | 13 | |
64 total
» build order
00:38 Altar of Kings
00:40 Barracks
00:52 Farm
00:53 Farm
01:05 Farm
01:07 Farm
01:39 Farm
03:15 Lumber Mill
03:30 Arcane Vault
04:13 Town Hall
04:24 Keep
05:14 Scout Tower
05:15 Scout Tower
05:17 Scout Tower
05:18 Scout Tower
06:53 Castle
06:59 Gryphon Aviary
07:00 Gryphon Aviary
07:06 Blacksmith
07:10 Blacksmith
08:33 Guard Tower
08:38 Gryphon Aviary
08:38 Gryphon Aviary
08:38 Gryphon Aviary
08:39 Gryphon Aviary
10:47 Farm
11:58 Scout Tower
11:59 Scout Tower
12:00 Scout Tower
12:00 Scout Tower
12:01 Scout Tower
12:02 Scout Tower
12:02 Scout Tower
12:03 Scout Tower
12:06 Scout Tower
12:07 Scout Tower
12:11 Scout Tower
12:12 Scout Tower
12:15 Scout Tower
12:16 Scout Tower
12:20 Scout Tower
12:21 Scout Tower
12:34 Guard Tower
12:35 Guard Tower
12:35 Guard Tower
12:35 Guard Tower
12:39 Guard Tower
12:39 Guard Tower
13:07 Guard Tower
13:32 Guard Tower
13:35 Guard Tower
15:36 Guard Tower
16:10 Farm
16:15 Farm
16:15 Farm
23:47 Farm
23:49 Farm
23:49 Farm
23:50 Farm
23:51 Farm
24:05 Lumber Mill
» items
| Scroll of Regeneration | 2 | |
| Mechanical Critter | 6 | |
| Lesser Clarity Potion | 2 | |
| Periapt of Vitality | 2 | |
| Boots of Speed | 1 | |
| Staff of Teleportation | 1 | |
14 total
AKA-DANG (
green | 56 APM | 2016 actions | 36:13)
5 Blademaster
3 Wind Walk
2 Critical Strike
» actions
| Assign group hotkey | 41 | |
| Basic commands | 129 | |
| Build / train | 57 | |
| Enter build submenu | 25 | |
| Enter hero's abilities submenu | 5 | |
| Give item / drop item | 1 | |
| Remove unit from queue | 1 | |
| Right click | 816 | |
| Select / deselect | 212 | |
| Select group hotkey | 633 | |
| Use ability | 96 | |
2016 total
» units
| Peon | 10 | |
| Goblin Shredder | 3 | |
| Wind Rider | 6 | |
| Goblin Sapper | 9 | |
| Green Dragon | 1 | |
29 total
» upgrades
| Reinforced Defenses | 1 | |
| Envenomed Spears | 1 | |
| Ranged Weapons | 2 | |
| Armor | 2 | |
6 total
» buildings
| Altar of Storms | 1 | |
| Orc Burrow | 7 | |
| War Mill | 1 | |
| Voodoo Lounge | 2 | |
| Watch Tower | 25 | |
| Stronghold | 2 | |
| Great Hall | 2 | |
| Fortress | 3 | |
| Beastiary | 3 | |
46 total
» build order
00:13 Altar of Storms
00:22 Orc Burrow
00:38 War Mill
01:17 Voodoo Lounge
02:02 Watch Tower
02:14 Watch Tower
02:58 Stronghold
02:58 Stronghold
03:12 Orc Burrow
04:21 Great Hall
04:27 Watch Tower
04:28 Watch Tower
04:30 Watch Tower
06:01 Fortress
06:01 Fortress
06:29 Watch Tower
06:30 Watch Tower
06:30 Watch Tower
06:33 Watch Tower
06:35 Watch Tower
07:03 Watch Tower
07:27 Watch Tower
07:44 Beastiary
07:46 Beastiary
07:49 Beastiary
08:43 Orc Burrow
08:51 Watch Tower
08:51 Watch Tower
08:51 Watch Tower
09:31 Watch Tower
09:34 Watch Tower
10:58 Orc Burrow
11:00 Orc Burrow
11:49 Voodoo Lounge
12:33 Orc Burrow
13:03 Orc Burrow
13:22 Watch Tower
13:23 Watch Tower
13:24 Watch Tower
13:24 Watch Tower
14:25 Watch Tower
14:25 Watch Tower
19:36 Great Hall
19:51 Watch Tower
19:52 Watch Tower
» items
| Healing Salve | 2 | |
| Staff of Teleportation | 1 | |
| Boots of Speed | 1 | |
| Scroll of Town Portal | 4 | |
| Orb of Lightning | 1 | |
| Lesser Clarity Potion | 1 | |
10 total
Chat log
(00:10 / All) HeartIsFull: if I could get on the dole I totally would
(00:25 / All) TheREALWinner: I'm gonna tell the gubbament I have high functioning Aspergers
(00:26 / All) NoPeaCe.: the dole?
(00:29 / All) TheREALWinner: and it's too difficult to work
(00:31 / All) TheREALWinner: so I only have to part time
(00:45 / All) HeartIsFull: I have a powerball ticket
(00:49 / All) HeartIsFull: WISH ME LUCK PALS
(01:27 / All) HeartIsFull: if I won jackpot I'd buy my place of work and be really spiteful
(01:30 / Allies) NoPeaCe.: oj
(01:33 / Allies) NoPeaCe.: you expo or me
(01:43 / Allies) TheREALWinner: I'll take it
(01:54 / All) AKA-DANG: is the mel gibson movie called conspiracy hteory
(02:00 / Allies) NoPeaCe.: can you just take that?
(02:05 / All) HeartIsFull: Yes he starred in such a movie
(02:05 / Allies) TheREALWinner: why can't you
(02:09 / Allies) BirdBong: Im hero creeping it w well
(02:12 / Allies) NoPeaCe.: because it's closer to you.
(02:13 / Allies) NoPeaCe.: ok.
(02:30 / Allies) NoPeaCe.: so no expo for me, then
(02:34 / All) HeartIsFull: whoever wins powerball will get just about 1 billion after taxes
(02:34 / Allies) TheREALWinner: take top mid
(02:35 / All) HeartIsFull: crzy
(02:39 / Allies) NoPeaCe.: good one
(02:44 / Allies) TheREALWinner: but why don't both of you at bot just take
(03:37 / Allies) TheREALWinner: oh thought you'd have 2 rods
(03:41 / Allies) TheREALWinner: so I delayed my tomb lol
(03:43 / Allies) TheREALWinner: usually play hu and orc
(04:05 / Allies) NoPeaCe.: i have 1500 orc icon
(04:31 / All) HeartIsFull: kingsman movie was actually p good
(04:34 / Allies) NoPeaCe.: make zigs
(04:35 / All) HeartIsFull: despite the womyn crap
(04:49 / All) AKA-DANG: i like womany crap
(05:57 / Allies) NoPeaCe.: worst tp
(05:59 / Allies) NoPeaCe.: in the history of bnet
(06:04 / Allies) TheREALWinner: how so
(06:09 / Allies) NoPeaCe.: i coiled you
(06:21 / Allies) TheREALWinner: I had a few low hp fiends
(06:24 / Allies) TheREALWinner: better to be safe than sorry
(06:30 / Allies) NoPeaCe.: ok, boss
(06:51 / All) AKA-DANG: DI BIRDBONG
(07:07 / Allies) NoPeaCe.: should have cancelled, bri
(07:08 / Allies) NoPeaCe.: bro
(07:15 / Allies) BirdBong: I just saw the BM
(07:33 / Allies) BirdBong: by the time the rest were there it was built
(08:05 / Allies) TheREALWinner: too many towers
(08:06 / Allies) TheREALWinner: let's creep
(08:24 / Allies) NoPeaCe.: fucking moron
(08:26 / Allies) NoPeaCe.: they killed pinbk's
(08:26 / Allies) TheREALWinner: noob
(08:28 / All) NoPeaCe.: expo
(08:31 / Allies) NoPeaCe.: rofl
(08:32 / Allies) NoPeaCe.: dude
(08:34 / Allies) NoPeaCe.: i'm 70%
(08:41 / Allies) TheREALWinner: k
(08:49 / Allies) NoPeaCe.: wood plz
(09:11 / Allies) NoPeaCe.: fuck
(09:12 / Allies) NoPeaCe.: orange
(09:14 / Allies) NoPeaCe.: you're t2
(09:15 / Allies) TheREALWinner: lol
(09:19 / Allies) NoPeaCe.: i should have taken the expo
(09:20 / Allies) NoPeaCe.: i'm an idiot
(09:28 / Allies) TheREALWinner: don't normally play ud
(09:31 / Allies) NoPeaCe.: yea
(09:32 / Allies) NoPeaCe.: i know
(09:34 / Allies) NoPeaCe.: i should have expoed
(09:36 / Allies) NoPeaCe.: my bad
(09:37 / Allies) TheREALWinner: nah
(09:40 / Allies) NoPeaCe.: i knew better
(09:40 / Allies) TheREALWinner: i think I can use it better
(10:29 / All) HeartIsFull: fucking whoops
(10:59 / All) HeartIsFull: HLEP
(11:00 / All) HeartIsFull: HELP
(11:01 / All) HeartIsFull: HELP
(11:02 / All) HeartIsFull: HELP
(11:03 / All) HeartIsFull: HELP
(11:03 / All) HeartIsFull: HELP
(11:15 / All) HeartIsFull: I'M FUCKED1
(11:44 / Allies) NoPeaCe.: gold plz
(11:56 / Allies) NoPeaCe.: orange
(11:57 / Allies) NoPeaCe.: pass me gold
(12:01 / All) TheREALWinner: Rather not give you any you're a dick
(12:07 / Allies) NoPeaCe.: and you don't spend the gold
(12:10 / All) TheREALWinner: maybe act nicer next time yellow
(12:14 / All) TheREALWinner: I'm taking up
(12:17 / All) TheREALWinner: I want to buy a yacht
(12:19 / Allies) NoPeaCe.: ...
(12:22 / All) TheREALWinner: for my death knight to go around in
(12:28 / All) NoPeaCe.: orange stole expo
(12:34 / All) NoPeaCe.: and is saving up
(12:36 / All) AKA-DANG: relax
(12:38 / All) NoPeaCe.: complete trash
(12:39 / All) AKA-DANG: im saving up too
(12:40 / All) TheREALWinner: lol
(12:40 / All) NoPeaCe.: gg
(12:44 / All) TheREALWinner: yellow is complete noob
(12:46 / All) TheREALWinner: He says he's 70%
(12:51 / All) NoPeaCe.: stats me, dumb nigger
(12:56 / All) TheREALWinner: I can believe it, all 70% players are big whiners
(12:56 / All) NoPeaCe.: do you know how to stats people?
(13:06 / All) TheREALWinner: do it after every game I tk
(13:08 / All) NoPeaCe.: i can't carry in 4v4 rt
(13:11 / All) TheREALWinner: that's not your total record including all seasons
(13:12 / All) NoPeaCe.: with people like you
(13:12 / All) TheREALWinner: then you suck lol
(13:49 / Allies) NoPeaCe.: please
(13:51 / Allies) NoPeaCe.: pass me gold
(13:54 / Allies) TheREALWinner: nah
(13:55 / Allies) TheREALWinner: rather not
(14:02 / Allies) TheREALWinner: but feel free to beg
(14:02 / Allies) NoPeaCe.: dude
(14:05 / Allies) NoPeaCe.: you fucking stole the expo
(14:06 / Allies) NoPeaCe.: from me
(14:10 / Allies) NoPeaCe.: and ruined the game
(14:12 / Allies) TheREALWinner: I don't think you need the gold, but I really want a boat
(14:15 / All) AKA-DANG: LEAVE THEN YELLOW U RETARD
(14:20 / Allies) NoPeaCe.: you knew you couldn't play
(14:23 / Allies) NoPeaCe.: and you stole the expo
(14:24 / Allies) NoPeaCe.: moron
(14:28 / Allies) NoPeaCe.: i don't care
(14:30 / Allies) TheREALWinner: I'm playing
(14:36 / Allies) NoPeaCe.: no you're not
(14:39 / Allies) NoPeaCe.: you're losing
(14:49 / Allies) TheREALWinner: I don't think so, but you seem to be judging by the amount of complaing you do
(14:52 / Allies) TheREALWinner: I'm the REAL winner!
(14:55 / Allies) TheREALWinner: you're just a big baby
(15:03 / Allies) TheREALWinner: wahhh wahhh!
(15:12 / Allies) TheREALWinner: all I hear
(15:31 / All) HeartIsFull: bulslhit
(15:33 / All) HeartIsFull: fucking lag spike
(15:43 / All) HeartIsFull: I tped before yellow came
(15:46 / All) HeartIsFull: fucking lag spike dawg
(15:52 / All) HeartIsFull: my comp sucks
(17:05 / Allies) TheREALWinner: I ain't sparing any coils btw
(17:12 / Allies) TheREALWinner: mostly here to leech xp to be honest
(17:17 / Allies) TheREALWinner: I want animate dead
(17:17 / Allies) NoPeaCe.: i think we lost
(17:20 / Allies) NoPeaCe.: no matter what happens
(17:21 / Allies) NoPeaCe.: so idc
(17:25 / Allies) TheREALWinner: yeah we have you on our team
(17:25 / Allies) NoPeaCe.: just playing for fun
(17:31 / Allies) NoPeaCe.: yeah bro
(17:32 / Allies) NoPeaCe.: i suck
(17:34 / Allies) TheREALWinner: yeah
(17:35 / Allies) TheREALWinner: exactly
(18:15 / Allies) NoPeaCe.: dude
(18:17 / Allies) NoPeaCe.: i'm serious
(18:20 / Allies) TheREALWinner: so am I
(18:22 / Allies) NoPeaCe.: you have 6k gold
(18:25 / Allies) NoPeaCe.: i let you have the expo
(18:25 / Allies) TheREALWinner: I take war3 very seriously
(18:27 / Allies) TheREALWinner: one time I had 40k
(18:29 / Allies) NoPeaCe.: dude
(18:30 / Allies) TheREALWinner: on a map from the old pool
(18:32 / Allies) TheREALWinner: with more mines
(18:33 / Allies) NoPeaCe.: you think you're being a funny troll
(18:37 / Allies) NoPeaCe.: but you're ruining a good game
(18:38 / Allies) TheREALWinner: oh yeah?
(18:43 / Allies) NoPeaCe.: yes
(18:43 / Allies) NinjaIRL: why is pink and orange up there and y ellow down here, and you guys argijng all game
(18:51 / Allies) TheREALWinner: yellow is the one who won't stfu
(18:52 / Allies) NoPeaCe.: because orange is throwing the game
(19:02 / Allies) NinjaIRL: no you were also orange
(19:03 / Allies) NoPeaCe.: and i'm hoping he actually joins the team
(19:08 / Allies) NinjaIRL: you both are being rude
(20:33 / Allies) NoPeaCe.: orange has 7.3k gold
(20:35 / Allies) NoPeaCe.: he took an expo
(20:38 / Allies) TheREALWinner: yeah
(20:39 / Allies) NoPeaCe.: and pretty much wasted it
(20:54 / Allies) NoPeaCe.: just because he's a low-level troll
(20:59 / Allies) NoPeaCe.: who doesn't actually want to play as a team
(21:01 / Allies) TheREALWinner: I'm a high level player
(21:13 / Allies) NoPeaCe.: well, bro
(21:14 / Allies) NinjaIRL: pink doesnt hknow how to make hips
(21:15 / Allies) NinjaIRL: so w/e
(21:16 / Allies) NoPeaCe.: thanks for wasting my time
(21:20 / Allies) TheREALWinner: you're welcome
(21:22 / Allies) TheREALWinner: gonna take a 2nd expo
(21:48 / All) HeartIsFull: lol
(24:36 / All) HeartIsFull: oh
(24:39 / All) AKA-DANG: this is for blue being a nigger
(24:43 / All) HeartIsFull: my bunyy for pink base never left my own
(25:17 / All) AKA-DANG: die blue
(25:19 / All) AKA-DANG: u cry baby nigger
(25:20 / All) AKA-DANG: die
(25:21 / All) AKA-DANG: die
(25:32 / All) AKA-DANG: HEIL ROD SERLING
(27:26 / All) HeartIsFull: why don't more NE get the tree upgrade
(27:32 / All) HeartIsFull: fucking noob elves mang
(27:33 / All) HeartIsFull: let me tell ya
(28:08 / All) AKA-DANG: ALL HEIL ROD
(28:16 / All) TheREALWinner: I hate this map for wood
(28:20 / All) TheREALWinner: I use tons of it as undead
(28:22 / All) TheREALWinner: more so than any other race
(28:28 / All) TheREALWinner: and it's harder to get than human, orc or noob elf
(28:33 / All) TheREALWinner: I have shredder but cut down every tree near me
(28:47 / All) TheREALWinner: the only way to get more lumber after the shit near you is if you have one of the four centre expansions
(28:59 / All) HeartIsFull: yeh
(29:00 / All) TheREALWinner: which actually makes them better than the inside ones if you know you can hold them
(29:06 / All) HeartIsFull: you can just build a lumber mill to yoru allies tho oto
(29:19 / All) AKA-DANG: blue is a silly boy
(29:23 / All) HeartIsFull: the corners have some too
(29:24 / All) AKA-DANG: he acts like i dont see his expo
(29:32 / All) TheREALWinner: Are your noob elves saying anything?
(29:37 / All) TheREALWinner: I'll take mid right
(29:41 / All) TheREALWinner: and help a bit with that
(29:51 / All) AKA-DANG: blue has been whining all game; hes mad i toasted his pride
(30:02 / All) TheREALWinner: can't have been as much a whiner as yellow was
(30:04 / All) TheREALWinner: he was on another level
(30:10 / All) TheREALWinner: I can actually believe he was 70% he whined so much
(30:42 / All) AKA-DANG: finish the gam e rawerrrrrrrrrrrrrrrr
(30:47 / All) AKA-DANG: he hitted me LOL
(31:24 / All) AKA-DANG: sneaky devil
(32:00 / All) HeartIsFull: I don't want these noob elves to get a win
(32:05 / All) HeartIsFull: YOU HEAR THAT?
(32:14 / All) HeartIsFull: I prefer shambling corpses to you treacherous noob elf scum
(32:22 / All) HeartIsFull: Fucking pathetic the way you betray your allies, noob elves
(32:30 / All) TheREALWinner: your noob elves were tkers?
(32:37 / All) HeartIsFull: yep both of them
(32:38 / All) AKA-DANG: ya blue was gonna
(32:43 / All) HeartIsFull: typical elf behavior
(32:46 / All) AKA-DANG: blue insulted my intelligence
(32:46 / All) subban: green hitted us
(32:52 / All) subban: and we replied
(32:55 / All) AKA-DANG: "green hitted us"
(33:00 / All) HeartIsFull: tell your story to the jury bitch
(33:00 / All) TheREALWinner: sounds like you shouldn't attack your allies purple
(33:02 / All) subban: you did
(33:05 / All) TheREALWinner: if you don't want to be attacked back
(33:07 / All) HeartIsFull: I have no sympathy for you
(33:08 / All) subban: admit it
(33:15 / All) HeartIsFull: Let the warcraft gods sort you out, pussy
(33:15 / All) subban: lol red stfu lol
(33:17 / All) HeartIsFull: fucking traitor
(33:18 / All) AKA-DANG: i guarantee blue isnt afk
(33:21 / All) subban: you wont win the powerball
(33:23 / All) subban: you fucker
(33:24 / All) subban: haha
(33:32 / All) subban: 5 box in the trash
(33:33 / All) HeartIsFull: You don't know that
(33:35 / All) AKA-DANG: blue is watching this game with drool down the side of his mouth
(33:38 / All) subban: ya i know
(33:41 / All) AKA-DANG: anticpating wut happens next
(33:46 / All) HeartIsFull: I have a 1 in 282,000,000 chance
(33:54 / All) HeartIsFull: when I win I'm buying hookers and blow
(33:55 / All) HeartIsFull: PARTY
(34:08 / All) AKA-DANG: what is blow
(34:14 / All) HeartIsFull: COCAINE
(34:17 / All) HeartIsFull: YEEHAW
(34:39 / All) subban: you can attack guys
(34:45 / All) TheREALWinner: guys?
(34:46 / All) subban: they are destroying their own things
(34:48 / All) TheREALWinner: I'm the only one here, noob
(34:52 / All) TheREALWinner: tk noob
(34:56 / All) subban: so attack noob
(35:05 / All) TheREALWinner: you're the noob son
(35:07 / All) AKA-DANG: love tap time
(35:07 / All) subban: its been 10 minutes they destroy everything you kidiot
(35:09 / All) TheREALWinner: loser noob, I 1v4
(35:29 / All) AKA-DANG: blue is implying he never left
(35:39 / All) AKA-DANG: ill watch the replay and confirm he was here all the time
(36:01 / All) TheREALWinner: Yellow lose?
(36:04 / All) TheREALWinner: or your noob elves?
(36:10 / All) HeartIsFull: your team
(36:11 / All) AKA-DANG: isa yellow
(36:12 / All) TheREALWinner: yellow is an alleged 70%, and a big baby
(36:12 / All) HeartIsFull: you had 3 legit